 Dungeon Sprint DCSS version 0.29-a0-512-gf59ac788ac (webtiles) character file.

Game seed: 17734092313862128502

90 mhtbhm the Slasher (level 4, -18/60 HPs)
             Began as a Human Berserker on May 29, 2022.
             Was a Believer of Trog.
             Killed from afar by an oklob sapling priest (22 damage)
             ... with a splash of acid
             ... in the Dungeon (Sprint IV: "Fedhas' Mad Dash").
             The game lasted 00:00:32 (478 turns).

mhtbhm the Slasher (Human Berserker)                 Turns: 478, Time: 00:00:32

Health: -18/60     AC: -5    Str: 20    XL:     4   Next: 85%
Magic:  3/4        EV: 13    Int:  7    God:    Trog [**....]
Gold:   55         SH:  0    Dex: 12    Spells: 3/3 levels left

rFire   . . .      SeeInvis .   a - +0 falchion
rCold   . . .      Faith    .   (no shield)
rNeg    . . .      Spirit   .   b - +0 animal skin
rPois   .          Reflect  .   (no helmet)
rElec   .          Harm     .   (no cloak)
rCorr   .          Rampage  .   (no gloves)
Will    .....      NoTele   +   (no boots)
Stlth   ..........              j - amulet of invisibility {+Inv}
HPRegen 0.20/turn               (no ring)
MPRegen 0.09/turn               (no ring)

@: berserking, corroded, very slightly contaminated, invisible (expiring), very
quick
A: no striking features
a: Renounce Religion, Evoke Invisibility, Berserk, Trog's Hand


You were in the Dungeon.
You worshipped Trog.
Trog was pleased with you.
You visited 1 branch You collected 55 gold pieces.

Inventory:

Hand Weapons
 a - a +0 falchion (weapon)
Armour
 b - a +0 animal skin (worn)
Jewellery
 j - the amulet of invisibility (around neck) {+Inv}
   (You found it in the Dungeon)

   [amulet of nothing]

   +Inv:      It lets you turn invisible.
Scrolls
 h - a scroll of blinking
 i - a scroll of enchant weapon {unknown}
Potions
 c - a potion of curing
 d - a potion of heal wounds
 e - a potion of haste
 f - 2 potions of magic
 g - a potion of berserk rage


   Skills:
 + Level 6.0 Fighting
 + Level 6.1 Long Blades
 + Level 3.3 Armour
 + Level 3.5 Dodging


You had 3 spell levels left.
You didn't know any spells.
Your spell library was empty.

Dungeon Overview and Level Annotations

Branches:
Dungeon (1/1)

Altars:
Cheibriados
Dithmenos
Elyvilon
Gozag
Hepliaklqana
Kikubaaqudgha
Makhleb
Nemelex Xobeh
Okawaru
Qazlal
Ru
Sif Muna
Trog
Uskayaw
Vehumet
Wu Jian
Xom
Yredelemnul
Zin
The Shining One
Beogh
Jiyva
Lugonu

Annotations:
D exclusion: oklob sapling


Message History

Okay, then.
You open the door.
Found ten altars.
An oklob sapling priest comes into view.
Found three altars.
Marking area around an oklob sapling priest as unsafe for travelling.
There is an open door here.
Found three altars.
Found two altars.
Found three altars.
There is an opulent altar of Gozag here.
Found a corrupted altar of Lugonu and a radiant altar of Vehumet.
There is a hazy altar of Hepliaklqana here.
The helpless oklob sapling priest fails to defend itself.
You hit the oklob sapling priest but do no damage.
You hit the oklob sapling priest.
The oklob sapling priest is lightly damaged.
A red film seems to cover your vision as you go berserk!
You feel yourself moving faster!
You feel mighty!
You slash the oklob sapling priest!
You punch the oklob sapling priest, but do no damage.
The oklob sapling priest is heavily damaged.
The oklob sapling priest spits acid at you.
The splash of acid hits you!! The acid corrodes you!
You catch the helpless oklob sapling priest completely off-guard!
You hit the oklob sapling priest.
The oklob sapling priest is severely damaged.
You flicker for a moment.
The oklob sapling priest spits acid at you.
The splash of acid hits you!!
Ouch! That really hurt!
* * * LOW HITPOINT WARNING * * *
The acid corrodes you!
You hit the oklob sapling priest.
The oklob sapling priest is severely damaged.
You hit the oklob sapling priest but do no damage.
The oklob sapling priest is severely damaged.
The oklob sapling priest spits acid at you.
The splash of acid hits you!!
You die...

########################
....#.....#.⌠._._._._.⌠.
....'.#...'.._._@_._._..
....#.#...#..._._P_._...
########+##.._._._._._..
#._._._._._.⌠.
##############


You could see an oklob sapling priest (can't see you).

Vanquished Creatures
  A scorpion (D)
  An oklob sapling (D)
  A river rat (D)
  A rat (D)
4 creatures vanquished.

Notes
Turn   | Place    | Note
-------+----------+-------------------------------------------
     0 | D        | mhtbhm the Human Berserker began the quest for the Orb.
     0 | D        | Reached XP level 1. HP: 18/18 MP: 1/1
    12 | D        | Reached XP level 2. HP: 25/25 MP: 2/2
   157 | D        | Noticed an oklob sapling
   158 | D        | Killed an oklob sapling
   158 | D        | Reached ** piety under Trog
   159 | D        | Reached XP level 3. HP: 32/32 MP: 3/3
   308 | D        | Noticed a scorpion
   308 | D        | Found the amulet of invisibility {+Inv}
   310 | D        | Killed a scorpion
   311 | D        | Reached XP level 4. HP: 40/40 MP: 4/4
   464 | D        | Found an opulent altar of Gozag.
   464 | D        | Found a hazy altar of Hepliaklqana.
   464 | D        | Found a burning altar of Makhleb.
   464 | D        | Found a sparkling altar of Nemelex Xobeh.
   464 | D        | Found a snail-covered altar of Cheibriados.
   464 | D        | Found a sacrificial altar of Ru.
   464 | D        | Found a shimmering blue altar of Sif Muna.
   464 | D        | Found a shimmering altar of Xom.
   464 | D        | Found a basalt altar of Yredelemnul.
   465 | D        | Found a viscous altar of Jiyva.
   465 | D        | Found a bloodstained altar of Trog.
   465 | D        | Found an ornate altar of the Wu Jian Council.
   465 | D        | Noticed an oklob sapling priest
   466 | D        | Found an iron altar of Okawaru.
   466 | D        | Found a shadowy altar of Dithmenos.
   466 | D        | Found a glowing silver altar of Zin.
   467 | D        | Found an ancient bone altar of Kikubaaqudgha.
   467 | D        | Found a hide-covered altar of Uskayaw.
   468 | D        | Found a stormy altar of Qazlal.
   468 | D        | Found a white marble altar of Elyvilon.
   468 | D        | Found a glowing golden altar of the Shining One.
   469 | D        | Found a corrupted altar of Lugonu.
   469 | D        | Found a radiant altar of Vehumet.
   478 | D        | Killed from afar by an oklob sapling priest

Illustrated notes

Levels and vault maps discovered:
D:        dungeon_sprint_fedhas [sprint_temple]

Skill      XL: |  1  2  3 |
---------------+----------+-----
Fighting       | 4 6 |  6.0
Long Blades    | 4 6 |  6.1
Armour         | 3 |  3.3
Dodging        | 3 |  3.5

Action                   |  1- 3 |  4- 6 || total
-------------------------+-------+-------++-------
Melee: Falchion          |    10 |     6 ||    16
       Punch             |     1 |     1 ||     2
Invok: Berserk           |     3 |     1 ||     4
 Abil: Evoke Invisibilit |       |     1 ||     1
 Stab: Invisible         |       |     1 ||     1
       Sleeping          |       |     1 ||     1
Armor: Animal skin       |     1 |       ||     1
Dodge: Dodged            |     5 |       ||     5

Table legend: (Time is in decaauts)
 A = Elapsed time spent in this place.
 B = Non-inter-level travel time spent in this place.
 C = Inter-level travel time spent in this place.
 D = Time resting spent in this place.
 E = Time spent auto-exploring this place.
 F = Levels seen in this place.
 G = Mean time per level.
                   A        B        C        D        E       F      G
               +--------+--------+--------+--------+--------+-----+--------+
         Total |    508 |    508 |      0 |    422 |      0 |   1 |  508.0 |
       Dungeon |    508 |    508 |      0 |    422 |      0 |   1 |  508.0 |
               +--------+--------+--------+--------+--------+-----+--------+

Top non-repeatable levels by time:
       D: 508 daAuts
